Cogmind - Beta 15 @@@ ROGUE MODE // 2025.10.21 @ 20:40:25 Player: WitherScout Result: Destroyed by S-27 Virus with Autogun Performance ------------- Evolutions (4) 2000 Regions Visited (7) 1400 Robots Destroyed (92) 460 Value Destroyed (3397) 3397 Prototype IDs (3) 60 Alien Tech Used (0) 0 Bonus (0) 0 TOTAL SCORE: 7317 Bonus ------- None Cogmind --------- Core Integrity 0/850 Matter 184/300 Energy 5/100 System Corruption 1% Temperature Cool (0) Movement Core (50) Location -6/Factory Parts ------- > --- POWER (2) -------- (None) > --- PROPULSION (3) --- (None) > --- UTILITY (8) ------ Weight Redist. System Structural Scanner Advanced Signal Interpreter Targeting Computer Targeting Computer Improved Targeting Computer > --- WEAPON (2) ------- (None) > --- INVENTORY (5) ---- Light Nuclear Core Light Angular Momentum Engine Light Angular Momentum Engine Armored Leg Autogun Peak State ------------ > --- POWER ------------ Micro Nuclear Core > --- PROPULSION ------- Armored Treads Advanced Treads > --- UTILITY ---------- Huge Storage Unit Targeting Computer Targeting Computer Improved Targeting Computer Kinecellerator Layered Light Armor Plating Reactive Plating High-powered Tractor Beam > --- WEAPON ----------- Assault Cannon Advanced Assault Cannon > --- INVENTORY -------- Light Nuclear Core Micro Nuclear Core Micro Nuclear Core Light Treads Armored Treads Medium Treads Medium Treads Cryofiber Web Cooling System Medium Matter Pod Seismic Detector Targeting Computer Improved Heavy Armor Plating Layered Light Armor Plating Layered Light Armor Plating Shock Absorption System Tractor Beam Heavy Assault Rifle Minigun Light Cannon Light Cannon Light Cannon Advanced Assault Cannon Rocket Launcher [Rating: 42] Favorites ----------- Power Ion Engine Engine Ion Engine Power Core Light Nuclear Core Propulsion Light Treads Treads Light Treads Leg Aluminum Leg Wheel Compact Wheel Flight Unit Cesium-ion Thruster Utility Targeting Computer Device Seismic Detector Storage Huge Storage Unit Processor Targeting Computer Hackware Hacking Suite Protection Improved Light Armor Plating Weapon Light Cannon Energy Gun Small Laser Ballistic Gun Light Assault Rifle Ballistic Cannon Light Cannon Launcher Rocket Launcher Special Weapon Plasma Cutter Slashing Weapon Great Axe Build | -11 -10 -9 -8 -7 -7 -7 -6 ------- Run | Yrd Mat Mat Mat Fac Was Fac Fac Slots Evolved 8 | . . 2 2 2 . . 2 Power 1 | . . . . . . . 1 Propulsion 1 | . . . . . . . 1 Utility 6 | . . 2 2 2 . . . Weapon . | . . . . . . . . Parts Attached 89 | 9 2 17 10 12 3 18 18 Power 11 | 1 . 4 2 2 1 1 . Engine 6 | 1 . 4 . 1 . . . Core 5 | . . . 2 1 1 1 . Reactor . | . . . . . . . . Propulsion 23 | 3 . 5 2 2 . 5 6 Treads 12 | 2 . 5 2 2 . 1 . Leg 7 | . . . . . . 4 3 Wheel 1 | 1 . . . . . . . Hover . | . . . . . . . . Flight 3 | . . . . . . . 3 Utility 37 | 3 1 4 5 6 1 8 9 Device 17 | 1 . 2 1 2 . 4 7 Storage 4 | 2 1 . . 1 . . . Processor 7 | . . 2 1 . 1 1 2 Hackware 1 | . . . . . . 1 . Protection 8 | . . . 3 3 . 2 . Artifact . | . . . . . . . . Weapon 18 | 2 1 4 1 2 1 4 3 Energy Gun 2 | 1 . . . . . . 1 Energy Cannon . | . . . . . . . . Ballistic Gun 4 | 1 . . . . . 2 1 Ballistic Cannon 9 | . 1 4 1 2 . 1 . Launcher 1 | . . . . . 1 . . Special Weapon 1 | . . . . . . . 1 Impact Weapon . | . . . . . . . . Slashing Weapon 1 | . . . . . . 1 . Piercing Weapon . | . . . . . . . . Special Melee Weapon . | . . . . . . . . Unidentified Prototypes . | . . . . . . . . Parts Lost 50 | . 1 8 1 5 6 9 20 Power 3 | . . 1 . 2 . . . Propulsion 17 | . . 3 . 2 2 1 9 Utility 17 | . . 1 . 1 3 7 5 Weapon 13 | . 1 3 1 . 1 1 6 Highest Loss Streak 20 | . 1 2 1 3 6 4 20 To Critical Strikes . | . . . . . . . . Average Backups 20 | 4 14 24 24 23 14 4 4 Power 2 | . 1 2 3 3 2 . 1 Propulsion 7 | 3 7 10 10 5 2 1 . Utility 5 | . 3 6 6 8 5 . . Weapon 4 | . 1 5 4 6 3 1 1 Tool/Special . | . . . . . . . . Unused Backups 63 | . 4 19 9 13 13 . 5 Power 12 | . . 4 1 1 3 . 3 Propulsion 27 | . 3 9 6 5 3 . 1 Utility 17 | . . 5 2 7 3 . . Weapon 7 | . 1 1 . . 4 . 1 Tool/Special . | . . . . . . . . Average Slot Usage (%) 94 | . 100 98 99 99 52 72 48 Engine 5 | . 14 10 1 2 . . . Core 2 | . . . 7 3 3 6 . Treads 16 | . 28 21 18 14 7 1 . Leg 1 | . . . . . . 10 8 Device 9 | . 14 10 6 7 6 13 5 Storage 10 | . 14 11 9 14 3 . . Processor 19 | . . 21 27 23 15 9 20 Protection 6 | . . . 11 14 6 9 . Ballistic Gun 1 | . 14 . . . . 1 5 Ballistic Cannon 15 | . 8 20 17 14 6 6 . Peak Build Rating 42 | 9 11 14 29 41 42 40 25 Average Rating 21 | 6 10 11 24 32 19 28 18 On Entrance 14 | . 9 11 12 28 41 2 15 Naked Turns 8 | . . . . . 8 . . Heaviest Build 116 | 17 90 94 101 115 116 36 8 Greatest Support 56 | 40 40 43 56 56 42 25 40 Greatest Overweight (x) 4 | 1 2 4 2 2 3 2 1 Average Overweight (x) 1 | . 1 2 1 1 . . . Largest Inventory Capacity 25 | 8 25 25 25 25 25 5 5 Average Capacity 21 | 7 22 25 25 25 14 5 5 Most Carried 25 | 7 25 25 25 25 25 5 5 Average Carried 20 | 4 14 24 24 23 14 4 4 Final Capacity 25 | 8 25 25 25 25 5 5 5 Final Carried 25 | 7 25 25 25 25 5 5 5 Class Distribution -------------------- 95% | Mutant 4% | Scavenger-Mutant Dominant Class ---------------- Mutant | -10/Materials Mutant | -9/Materials Mutant | -8/Materials Mutant | -7/Factory Mutant | -7/Waste Mutant | -7/Factory Mutant | -6/Factory Resources | -11 -10 -9 -8 -7 -7 -7 -6 ----------- Run | Yrd Mat Mat Mat Fac Was Fac Fac Matter Collected 2794 | 299 197 651 461 546 3 469 168 Remotely 655 | . . . 106 546 3 . . Salvage Created 2881 | 92 169 653 658 620 . 490 199 Parts 171 | 3 14 51 35 33 . 22 13 Haulers Intercepted . | . . . . . . . . Recyclers Shooed 1 | . . . 1 . . . . Parts Field Recycled . | . . . . . . . . Retrieved Matter . | . . . . . . . . Parts Self-Destructed . | . . . . . . . . Prevented . | . . . . . . . . Kills | -11 -10 -9 -8 -7 -7 -7 -6 ------- Run | Yrd Mat Mat Mat Fac Was Fac Fac Combat Hostiles Destroyed 81 | . 3 28 16 18 . 12 4 Melee 9 | . . 1 . . . 7 1 Guns 5 | . 1 . . . . 1 3 Cannons 66 | . 2 27 16 17 . 4 . AOE 1 | . . . . 1 . . . Classes Destroyed 11 | 2 4 2 2 1 . . . Worker 2 | . 1 . . . . . 1 Builder 3 | . 3 . . . . . . Tunneler 1 | 1 . . . . . . . Recycler 3 | 1 . . 2 . . . . Watcher 2 | . 2 . . . . . . Swarmer 16 | . . 13 . 2 . . 1 Grunt 44 | . 3 8 10 10 . 10 3 Duelist 1 | . . . 1 . . . . Sentry 12 | . . 7 4 1 . . . Hunter 4 | . . . 1 2 . 1 . Programmer 4 | . . . . 3 . 1 . Best Kill Streak 5 | 1 3 5 4 4 . 5 3 Combat Bots Only 5 | . 2 5 3 4 . 5 2 Max Kills in Single Turn 2 | 1 2 1 2 1 . 1 1 Gunslinging . | . . . . . . . . Exploded 1 | . . . . 1 . . . Melee 1 | . . 1 . . . 1 1 Uniques/NPCs Destroyed . | . . . . . . . . Combat | -11 -10 -9 -8 -7 -7 -7 -6 -------- Run | Yrd Mat Mat Mat Fac Was Fac Fac Hostile Shots Fired 762 | . 19 141 78 76 6 160 282 Missed 234 | . 3 32 21 31 . 47 100 Hits 528 | . 16 109 57 45 6 113 182 Melee 6 | . . . . . 6 . . Projectile 522 | . 16 109 57 45 . 113 182 Critical Strikes 25 | . . 5 6 1 5 6 2 Damage Taken 7473 | . 223 1252 882 1019 425 1767 1905 Core 1635 | . 15 205 113 48 167 229 858 Absorbed by Shields . | . . . . . . . . Ignored by Resistances 52 | . . . . 28 24 . . Regen/Repaired (Parts) 610 | . . 85 . 301 . 224 . Core Remaining (%) 71 | 100 94 48 79 . . 36 . Volleys Fired 232 | 9 22 60 47 45 4 20 25 Largest 2 | 2 2 2 2 2 2 2 2 Hottest 97 | 60 60 60 60 77 73 65 97 Shots Fired 445 | 17 44 117 94 90 6 36 41 Gun 103 | 17 29 4 . . . 15 38 Cannon 335 | . 15 113 94 90 2 21 . Launcher 4 | . . . . . 4 . . Special 3 | . . . . . . . 3 Kinetic 419 | 9 37 117 94 90 2 36 34 Thermal 22 | 8 7 . . . . . 7 Explosive 4 | . . . . . 4 . . Electromagnetic . | . . . . . . . . Robot Hit Streak 28 | 4 9 18 28 10 8 11 9 Robot Miss Streak 4 | 3 3 4 2 2 . 2 4 Penetration Max . | . . . . . . . . Secondary Targets 1 | . . . . . . . 1 Max Gunslinging Chain 1 | . . . . . . . 1 Shots Hit Robots 339 | 10 30 79 75 65 6 38 36 Core Hits 154 | 4 13 37 36 29 . 21 14 Critical Kills 1 | . . . . . . . 1 Critical Parts Destroyed 1 | . . . . . . . 1 Critical Strikes 19 | . 1 5 2 6 . 3 2 Destroy 2 | . . . . . . . 2 Blast 17 | . 1 5 2 6 . 3 . Melee Attacks 18 | . . . . . . 16 2 Impact . | . . . . . . . . Slashing 18 | . . . . . . 16 2 Piercing . | . . . . . . . . Sneak Attacks . | . . . . . . . . Combat Hostiles . | . . . . . . . . Follow-up Attacks . | . . . . . . . . Damage Inflicted 6898 | 101 384 1315 1269 1527 399 1180 723 Guns 1166 | 101 169 25 . . . 251 620 Cannons 4587 | . 197 1280 1262 1354 53 441 . Explosions 519 | . . . . 173 346 . . Melee 555 | . . . . . . 488 67 Ramming 37 | . 18 10 7 . . . 2 Kinetic 5584 | 34 321 1305 1262 1354 53 692 563 Thermal 376 | 67 45 . . 173 . . 91 Explosive 346 | . . . . . 346 . . Electromagnetic . | . . . . . . . . Impact . | . . . . . . . . Slashing 555 | . . . . . . 488 67 Piercing . | . . . . . . . . Highest Corruption 3 | . . . . . . 3 1 Average Corruption 1 | . . . . . . 1 1 Corruption Purged . | . . . . . . . . Corruption Blocked . | . . . . . . . . Effects 5 | . . . . . . 3 2 Message Errors 1 | . . . . . . 1 . Matter Fused 2 | . . . . . . 1 1 Data Loss (major) 1 | . . . . . . . 1 Misfires 1 | . . . . . . 1 . Overload Shots . | . . . . . . . . Overflow Damage 60 | . . 29 . 31 . . . Projectiles 52 | . . 29 . 23 . . . Explosions 8 | . . . . 8 . . . Melee . | . . . . . . . . Knockbacks 61 | . 3 12 19 19 . 8 . Impact 1 | . 1 . . . . . . Kinetic 56 | . 2 12 17 17 . 8 . Secondary 4 | . . . 2 2 . . . Self-Inflicted Damage 442 | . . . . 275 167 . . Shots 7 | . . . . 3 4 . . Rammed 6 | . 2 3 1 . . . . Targets Rammed 11 | . 4 4 1 . . . 2 Kicked 2 | . . . . . . . 2 Crushed 3 | . 2 1 . . . . . Highest Temperature 180 | 20 58 42 180 84 48 159 9 Average Temperature 37 | 14 18 13 53 22 32 90 5 Received Heat Transfer 2727 | . 135 462 558 180 . 945 447 Siege Activations . | . . . . . . . . Martial Activations . | . . . . . . . . Shielding Activations . | . . . . . . . . Robots Disrupted . | . . . . . . . . Combat Hostiles . | . . . . . . . . Robots Corrupted . | . . . . . . . . Combat Hostiles . | . . . . . . . . Parts Fried . | . . . . . . . . Impact Corruptions . | . . . . . . . . Robots Melted . | . . . . . . . . Combat Hostiles . | . . . . . . . . Parts Melted . | . . . . . . . . Heat Transferred 622 | 150 100 . . 150 . . 222 Parts Sabotaged . | . . . . . . . . Parts Stolen . | . . . . . . . . Parts Stripped . | . . . . . . . . Power Chain Reactions . | . . . . . . . . Alert | -11 -10 -9 -8 -7 -7 -7 -6 ------- Run | Yrd Mat Mat Mat Fac Was Fac Fac Maximum Alert Level 1 | . . 1 . 1 . . . Low Security (%) 94 | 100 100 93 100 87 100 100 100 Level 1 5 | . . 6 . 12 . . . Level 2 . | . . . . . . . . Level 3 . | . . . . . . . . Level 4 . | . . . . . . . . Level 5 . | . . . . . . . . High Security . | . . . . . . . . Max Security . | . . . . . . . . Peak Influence 301 | 5 42 257 148 301 98 83 30 Initial 98 | . . . 17 44 98 . 11 Average 51 | . 7 62 54 71 46 17 6 Influence Increases 2491 | 10 137 798 444 678 12 301 111 Destroy 0b10 Robot/C 1620 | . 60 560 320 360 . 240 80 Destroy 0b10 Robot/NC 55 | 10 30 . 10 . . . 5 Destroy Leader 394 | . 24 140 80 110 . 30 10 Successful Hack 80 | . 8 18 . 54 . . . Disable Machine 105 | . . . . 90 . . 15 Destroy Structure 57 | . . 5 4 34 12 1 1 Lose Combat Pursuer 180 | . 15 75 30 30 . 30 . Influence Decreases 2491 | 10 137 756 388 495 293 276 136 Entered New Map 276 | . . . 25 54 183 . 14 Time Decay 1689 | 10 127 500 343 401 50 196 62 Lost Part 340 | . 10 80 10 40 60 80 60 Purge Threat 186 | . . 176 10 . . . . Squads Dispatched 22 | . . 1 2 10 . 5 4 Investigation 10 | . . . 1 4 . 4 1 Extermination 4 | . . . . 3 . 1 . Reinforcement 4 | . . 1 . 2 . . 1 Assault . | . . . . . . . . Garrison 4 | . . . 1 1 . . 2 Intercept . | . . . . . . . . Searches Triggered . | . . . . . . . . Construction Impeded . | . . . . . . . . Haulers Reinforced . | . . . . . . . . Active Scanning Responses . | . . . . . . . . Cargo Convoy Interrupts . | . . . . . . . . Stealth | -11 -10 -9 -8 -7 -7 -7 -6 --------- Run | Yrd Mat Mat Mat Fac Was Fac Fac Distress Signals 9 | . 1 7 1 . . . . Communications Jammed . | . . . . . . . . Distress Signals . | . . . . . . . . Times Spotted 153 | . 8 58 22 30 6 19 10 Peak Tracking Total 6 | . 2 6 4 4 6 6 5 Tactical Retreats 13 | . 1 4 2 2 1 3 . Traps | -11 -10 -9 -8 -7 -7 -7 -6 ------- Run | Yrd Mat Mat Mat Fac Was Fac Fac Traps Triggered 10 | . . 5 . 5 . . . Indirectly . | . . . . . . . . Trap Hack Attempts . | . . . . . . . . Triggered . | . . . . . . . . Disarmed . | . . . . . . . . Reprogrammed . | . . . . . . . . Reused . | . . . . . . . . Traps Extracted . | . . . . . . . . Installed . | . . . . . . . . Triggered . | . . . . . . . . Machines | -11 -10 -9 -8 -7 -7 -7 -6 ---------- Run | Yrd Mat Mat Mat Fac Was Fac Fac Machines Disabled 7 | . . . . 6 . . 1 Max in Single Turn 4 | . . . . 4 . . 1 Garrison Access 2 | . . . 1 1 . . . Machines Repaired . | . . . . . . . . Machines Dismantled 1 | . . . . . . . 1 Machines Sabotaged . | . . . . . . . . Overloaded Fab Kills . | . . . . . . . . Hacking | -11 -10 -9 -8 -7 -7 -7 -6 --------- Run | Yrd Mat Mat Mat Fac Was Fac Fac Machines Accessed 29 | . 3 8 3 10 . 4 1 Terminals 15 | . 2 5 1 5 . 1 1 Fabricators 2 | . . . . 1 . 1 . Repair Stations 4 | . . 1 . 2 . 1 . Recycling Units 3 | . 1 . 1 1 . . . Scanalyzers 2 | . . 2 . . . . . Garrison Access 3 | . . . 1 1 . 1 . Total Hacks 87 | . 11 24 10 24 . 15 3 Successful 52 | . 6 22 4 13 . 7 . Failed 35 | . 5 2 6 11 . 8 3 Catastrophic 8 | . 1 1 1 2 . 3 . Database Lockouts . | . . . . . . . . Manual 1 | . . 1 . . . . . Terminals 39 | . 7 10 4 10 . 5 3 Fabricators 5 | . . . . 3 . 2 . Repair Stations 16 | . . 2 . 8 . 6 . Recycling Units 9 | . 4 . 4 1 . . . Scanalyzers 12 | . . 12 . . . . . Garrison Access 6 | . . . 2 2 . 2 . Terminal Hacks 19 | . 4 8 2 4 . 1 . Robot Analysis 1 | . 1 . . . . . . Prototype ID Bank 2 | . . 2 . . . . . Open DSF 2 | . . . . 1 . 1 . Branch Access Points 1 | . . . . 1 . . . Emergency Access Points 1 | . . 1 . . . . . Alert Level 3 | . 1 1 . 1 . . . Unreport Threat 3 | . . 2 1 . . . . Locate Traps 2 | . 1 . . 1 . . . Dispatch Records 1 | . . . 1 . . . . Reinforcement Status 1 | . . 1 . . . . . Hauler Manifests 2 | . 1 1 . . . . . Fabricator Hacks 1 | . . . . 1 . . . Load Schematic 1 | . . . . 1 . . . Repair Station Hacks 15 | . . 2 . 7 . 6 . Scan Component 8 | . . 1 . 4 . 3 . Repair 7 | . . 1 . 3 . 3 . Recycling Unit Hacks 3 | . 2 . 1 . . . . Report Inventory 2 | . 1 . 1 . . . . Retrieve Components 1 | . 1 . . . . . . Scanalyzer 12 | . . 12 . . . . . Insert Component 6 | . . 6 . . . . . Analyze 6 | . . 6 . . . . . Garrison Access Hacks 2 | . . . 1 1 . . . Seal Access 2 | . . . 1 1 . . . Unauthorized Hacks . | . . . . . . . . Terminals . | . . . . . . . . Fabricators . | . . . . . . . . Repair Stations . | . . . . . . . . Recycling Units . | . . . . . . . . Scanalyzers . | . . . . . . . . Garrison Access . | . . . . . . . . Data Cores Recovered . | . . . . . . . . Used . | . . . . . . . . Hacking Detections 24 | . 3 6 2 8 . 4 1 Full Trace Events 11 | . . . 2 4 . 4 1 Feedback Events 2 | . . . . . . 1 1 Corruption 2 | . . . . . . 1 1 Feedback Blocked . | . . . . . . . . Robot Schematics Acquired . | . . . . . . . . Robots Built . | . . . . . . . . Authchips . | . . . . . . . . Time . | . . . . . . . . Total Robot Build Rating . | . . . . . . . . Part Schematics Acquired 6 | . . 6 . . . . . Parts Built . | . . . . . . . . Authchips . | . . . . . . . . Time . | . . . . . . . . Total Part Build Rating . | . . . . . . . . Parts Repaired 7 | . . 1 . 3 . 3 . Time 199 | . . 26 . 77 . 96 . Parts Recycled . | . . . . . . . . Recycled Matter . | . . . . . . . . Retrieved Matter . | . . . . . . . . Retrieved Components 1 | . 1 . . . . . . Parts Scanalyzed 6 | . . 6 . . . . . Part Schematics Acquired 6 | . . 6 . . . . . Parts Damaged 1 | . . 1 . . . . . Bothacking | -11 -10 -9 -8 -7 -7 -7 -6 ------------ Run | Yrd Mat Mat Mat Fac Was Fac Fac Used RIF Installer . | . . . . . . . . Robots Hacked . | . . . . . . . . Non-combat . | . . . . . . . . Combat . | . . . . . . . . Robot Hacks Applied . | . . . . . . . . Relay Couplers Released . | . . . . . . . . Fabnet Peak Effective % . | . . . . . . . . Robots Rewired . | . . . . . . . . Allies Hacked . | . . . . . . . . Hacks Repelled . | . . . . . . . . Allies | -11 -10 -9 -8 -7 -7 -7 -6 -------- Run | Yrd Mat Mat Mat Fac Was Fac Fac Total Allies . | . . . . . . . . Largest Group . | . . . . . . . . Highest-Rated Group . | . . . . . . . . Highest-Rated Ally . | . . . . . . . . Total Orders . | . . . . . . . . Ally Attacks . | . . . . . . . . Total Damage . | . . . . . . . . Kills . | . . . . . . . . Allies Corrupted . | . . . . . . . . Allies Melted . | . . . . . . . . Intel | -11 -10 -9 -8 -7 -7 -7 -6 ------- Run | Yrd Mat Mat Mat Fac Was Fac Fac Active Infowar (turns) 4291 | 43 752 2814 446 . . 53 183 Sensors 105 | . . . . . . . 105 Terrain 1236 | 43 752 394 . . . . 47 Structural 78 | . . . . . . . 78 Seismic 2866 | . . 2420 446 . . . . ECM 53 | . . . . . . 53 . Robot Analysis Total 1 | . 1 . . . . . . Derelict Logs Recovered . | . . . . . . . . Drone Launches 2 | . . . . . . . 2 Drone Recoveries 1 | . . . . . . . 1 Exploration | -11 -10 -9 -8 -7 -7 -7 -6 ------------- Run | Yrd Mat Mat Mat Fac Was Fac Fac Turns Passed 8636 | 169 752 2834 1263 2331 127 879 281 Spaces Moved 2862 | 88 227 774 404 777 130 318 144 Core 161 | 3 . . . . 115 21 22 Treads 2341 | 64 227 774 404 777 15 80 . Legs 235 | . . . . . . 217 18 Wheels 21 | 21 . . . . . . . Hover . | . . . . . . . . Flight 104 | . . . . . . . 104 Fastest Speed 35 | 50 160 320 240 240 50 50 35 Average Speed 246 | 143 281 322 259 250 81 192 60 Slowest Speed 480 | 160 320 480 320 317 385 260 135 Overloaded Moves . | . . . . . . . . Propulsion Burnouts . | . . . . . . . . Robots Hopped 1 | . . . . . . . 1 Potential Cave-ins 2 | . . . . . 2 . . Cave-ins Triggered . | . . . . . . . . Exploration Rate (%) 30 | 7 41 58 25 20 81 9 5 Regions Visited 7 Branch Regions . Pre-discovered Areas . | . . . . . . . . Known Exits Taken . | . . . . . . . . Unknown Exits Taken 5 | 1 1 1 1 . . 1 . Scrap Searched . | . . . . . . . . Spaces Dug . | . . . . . . . . Terrain Destroyed 51 | . . . . 32 17 1 1 Melee . | . . . . . . . . Projectile 5 | . . . . 3 . 1 1 AOE 46 | . . . . 29 17 . . Terrain Rammed . | . . . . . . . . Walls Destroyed . | . . . . . . . . Machines Disabled . | . . . . . . . . Actions | -11 -10 -9 -8 -7 -7 -7 -6 --------- Run | Yrd Mat Mat Mat Fac Was Fac Fac Total 3985 | 112 296 1012 540 1093 145 516 271 Wait 522 | . 8 79 44 203 . 126 62 Move 2854 | 87 226 773 403 777 129 317 142 Hop 1 | . . . . . . . 1 Pick Up 128 | 6 25 38 16 25 4 9 5 Fast Attach 51 | 8 1 9 1 4 2 11 15 Attach 36 | . 1 10 3 7 1 9 5 Detach 7 | 1 . 1 1 1 . 2 1 Swap 26 | 1 1 5 6 5 1 3 4 Drop 89 | . 8 33 18 22 4 3 1 Fire 232 | 9 22 60 47 45 4 20 25 Melee 18 | . . . . . . 16 2 Ram . | . . . . . . . . Kick 2 | . . . . . . . 2 Crush 9 | . 4 4 1 . . . . Escape Stasis 4 | . . . . 4 . . . Rewire . | . . . . . . . . Trap . | . . . . . . . . Miscellaneous 6 | . . . . . . . 6 Route ------- -11/Scrapyard -10/Materials (discovered 2 exits: *Mat / [*Min]) -9/Materials (discovered 2 exits: *Mat / [*Min]) -8/Materials -7/Factory (discovered 4 exits: Sto x2 / Low x2) -7/Waste -7/Factory -6/Factory History --------- Turn | Location | Event 19 | -11/Scrapyard | Discovered new exit (range 16) 170 | -11/Scrapyard | Entered Materials 307 | -10/Materials | Build established: Mutant 626 | -10/Materials | Discovered new exit (range 11) 735 | -10/Materials | Discovered new exit (range 10) 922 | -10/Materials | Entered another Materials area 922 | -9/Materials | Evolved 2 slots: Utility x2 2899 | -9/Materials | Discovered new exit (range 16) 2956 | -9/Materials | Core integrity fell below 50% 3289 | -9/Materials | Repaired Lgt. Cannon 3708 | -9/Materials | Discovered new exit (range 16) 3756 | -9/Materials | Entered another Materials area 3756 | -8/Materials | Evolved 2 slots: Utility x2 4240 | -8/Materials | Garrison activated, responded to threat 4956 | -8/Materials | Discovered new exit (range 6) 5019 | -8/Materials | Entered Factory 5019 | -7/Factory | Evolved 2 slots: Utility x2 5484 | -7/Factory | Repaired Lgt. Cannon 5913 | -7/Factory | Identified exit to Storage 5913 | -7/Factory | Identified exit to Lower Caves 6102 | -7/Factory | Repaired Imp. Light Armor Plating 6130 | -7/Factory | Repaired Tractor Beam 7005 | -7/Factory | Lost 3 parts (2n1u) 7119 | -7/Factory | Garrison activated, responded to threat 7350 | -7/Factory | Sucked down chute 7350 | -7/Factory | Entered Waste 7395 | -7/Waste | Spotted C-40 Crusher 7402 | -7/Waste | Crushed by Compactor (1 part destroyed, 1 dropped) 7402 | -7/Waste | Spotted C-40 Crusher 7405 | -7/Waste | Crushed by Compactor (1 part destroyed, 1 dropped) 7408 | -7/Waste | Crushed by Compactor (1 part destroyed, 2 dropped) 7411 | -7/Waste | Crushed by Compactor (1 part destroyed, 2 dropped) 7414 | -7/Waste | Crushed by Compactor (1 part destroyed, 1 dropped) 7418 | -7/Waste | Spotted C-40 Crusher 7419 | -7/Waste | Crushed by Compactor (1 part destroyed, 1 dropped) 7424 | -7/Waste | Spotted C-40 Crusher 7432 | -7/Waste | Spotted C-40 Crusher 7450 | -7/Waste | Lost 6 parts (2n3u1w) 7451 | -7/Waste | Spotted C-40 Crusher 7470 | -7/Waste | Discovered new exit (range 16) 7477 | -7/Waste | Entered Factory 7946 | -7/Factory | Repaired Aluminum Leg 7974 | -7/Factory | Repaired Aluminum Leg 8019 | -7/Factory | Repaired Adv. Assault Cannon 8243 | -7/Factory | Core integrity fell below 50% 8293 | -7/Factory | Lost 4 parts (1n3u) 8319 | -7/Factory | Build established: Scavenger-Mutant 8336 | -7/Factory | Discovered new exit (range 11) 8356 | -7/Factory | Entered another Factory area 8356 | -6/Factory | Evolved 2 slots: Power x1, Propulsion x1 8385 | -6/Factory | Lost 4 parts (3u1w) 8500 | -6/Factory | Garrison activated, responded to threat 8577 | -6/Factory | Core integrity fell below 50% 8616 | -6/Factory | Core integrity fell below 20% 8637 | -6/Factory | Destroyed by S-27 Virus with Autogun Last Messages --------------- S-27 Virus destroyed. Great Axe destroyed. K-01 Serf collects debris. Acquired 14 matter. Acquired VTOL Module. Acquired Imp. Targeting Computer. Acquired Arm. Leg. Terrain Scanner destroyed. Plasma Cutter destroyed. Acquired Autogun. Acquired VTOL Module. VTOL Module destroyed. Acquired Lgt. Nuclear Core. VTOL Module destroyed. Acquired Weight Redist. System. Acquired Hardlight Generator. System corrupted: Matter fused (-9). Weight Redist. System destroyed. Acquired Weight Redist. System. Hardlight Generator destroyed. Map ----- +----------------------------------------------------+ | ?????????????????????????????????????????????????? | | ?????????????????????????????????????????????????? | | ?????????????????????????????????????????????????? | | ?????????????????????????????????????????????????? | | ?????????????????????????????????????????????????? | | ######## ???????????????????????????????????????? | | ######### ???????????????????????????????????????? | | # ???????????????????????????????????????? | | + ???????????????????????????????????????? | | # ??????????? ##?????????????????????????? | | # ???#??????? ##?????????????????????????? | | # ??????????? ##?????????????????????????? | | # ??????????? ##?????????????????????????? | | # ?????????? ##?????????????????????????? | | # ?????###### ### ???????????????????????? | | # ????###### ### ???????????????????????? | | # #### # ???????????????????????? | | # ? #### # ???????????????????????? | | # ?? # ???????????????????????? | | ######/## ???? + ???????????????????????? | | ## ### ## ????? # ???????????????????????? | | ###### ##??????## # ???????????????????????? | | ### ####????## #############????????????? | | ### ############ ###############????????????? | | # ! ########## #Y ##????????????? | | !=# Y /s @ ! ##????????????? | | +=% #ss ! ##????????????? | | ! #| # ##????????????? | | # ##### ## ##????????????? | | ## ###### ## ##????????????? | | = ## ###?## ## ##????????????? | | ##### ##??## ######## ##????????????? | | #??## ##??##+######## ##????????????? | | ???## ###? ????## ##????????????? | | ??? = #??????????## ##????????????? | | ### #??????????## ##????????????? | | " #??????????################????????????? | | "T + ?????????################????????????? | | # ?????????????????????????????????????? | | /## # ?????????????????????????????????????? | | # ! #??????????????????????????????????????? | | "## ##??????????????????????????????????????? | | "## #???????????????????????????????????????? | | "## #???????????????????????????????????????? | | T## #???????????????????????????????????????? | | "## #???????????????????????????????????????? | | "## #???????????????????????????????????????? | | "## #???????????????????????????????????????? | | ## #???????????????????????????????????????? | | #### #???????????????????????????????????????? | +----------------------------------------------------+ Best States ------------- Heat Dissipation 48 Energy Generation 15 Energy Capacity 265 Matter Stores 400 Matter Capacity 400 Sight Range 16 Robot Scan Range 16 Terrain Scan Range 16 Terrain Scan Density 10 ECM Strength 2 Additional Mass Support 6 Base Temperature (-) 100 Armor Coverage 375 Resistance: KI 20 Evasion (%) 63 Targeting Accuracy 16 Recoil Reduction 2 Energy Filtering 30 Kinecelleration 30 Offensive Hacking 10 Item Schematics ----------------- Imp. Targeting Computer | -9/Materials | Scanalyzed Rocket Launcher | -9/Materials | Scanalyzed Cooling System | -9/Materials | Scanalyzed Lgt. Cannon | -9/Materials | Scanalyzed Imp. Ion Engine | -9/Materials | Scanalyzed Lgt. Treads | -9/Materials | Scanalyzed Robot Schematics ------------------ None Fabricated ------------ Nothing Repaired ---------- Lgt. Cannon | 29% | -9/Materials Lgt. Cannon | 2% | -7/Factory Imp. Light Armor Plating | 7% | -7/Factory Tractor Beam | 28% | -7/Factory Aluminum Leg | 8% | -7/Factory Aluminum Leg | 17% | -7/Factory Adv. Assault Cannon | 57% | -7/Factory Alien Tech Used ----------------- None Achievements -------------- I Spy Challenges ------------ None Game ------ Seed ScanRecoilSpear Manual? 0 Play Time 01:27:45 Cumulative 40.7 hours Start 2025.10.21 @ 19:06:49 End 2025.10.21 @ 20:40:25 Sessions 1 Manual Loads 0 Difficulty Rogue Special Mode None Game No. 71 Rogue 71 Adventurer 0 Explorer 0 Win Type - Total 0 Types 0/0/0/0/0/0/0/0/0/0 Lore% 12 Gallery% 27 Achievement% 28 Wizard Run 0 Options --------- Layout 1 ASCII 1 Keyboard 0 Movement Numpad Keybinds 0 Fullscreen 1 Font 24/Cog Map View 50x35 Zoom Use 0% Tactical HUD 0 Map Filters NONE Filters NONE Steam 0 RUN: fdf19f61-4963-4af7-b5e6-f0c435a92ad5